 Dungeon Crawl Stone Soup version 0.31-a0-626-g8143ab4f1d (webtiles) character file.

Game seed: 6591121331309967563

170 LeprechaunX the Changeling (level 5, -1/31 (35) HPs)
             Began as an Octopode Shapeshifter on Aug 16, 2023.
             Slain by an orc wizard
             ... wielding a +1 dagger of protection
              (3 damage)
             ... on level 3 of the Dungeon on Aug 24, 2023.
             The game lasted 00:02:55 (2144 turns).

LeprechaunX the Changeling (Octopode Shapeshifter)  Turns: 2144, Time: 00:02:56

HP:   -1/31 (35)    AC:  1    Str: 16    XL:     5   Next: 51%
MP:   5/5           EV: 13    Int: 10    God:
Gold: 183           SH:  0    Dex: 13    Spells: 4/4 levels left

rFire   . .          .
                       - Unarmed
rCold   . . .        (no shield)
rNeg    . . .        (helmet currently unavailable)
rPois   .            g - amulet of magic regeneration
rElec   .            (no ring)
rCorr   .            (no ring)
SInv    .            (no ring)
Will    .....        (no ring)
Stlth   ++           (no ring)
HPRegen 0.25/turn    (no ring)
MPRegen 0.49/turn    (no ring)
                     (no ring)

%: no passive effects
@: beast-form, heavily drained
A: beast (slay +2), almost no armour, amphibious, 8 rings, camouflage 1,
gelatinous body 1, (nimble swimmer 1), tentacles
a: Begin Untransformation


You were on level 3 of the Dungeon.
You were a hulking beast.
You visited 1 branch of the dungeon, and saw 3 of its levels.

You collected 183 gold pieces.

Inventory:

Jewellery
 g - an amulet of magic regeneration (around mantle)
Talismans
 b - a beast talisman (active)
 c - a flux talisman
Scrolls
 d - 2 scrolls of enchant weapon {unknown}
 e - a scroll of fog {unknown}
 h - a scroll of poison {unknown}
 j - a scroll of teleportation {unknown}
 l - a scroll of revelation {unknown}
Potions
 a - a potion of lignification
 f - 2 potions of curing {unknown}
 i - 3 potions of enlightenment {unknown}
 k - 3 potions of heal wounds {unknown}


   Skills:
 + Level 2.3 Fighting
 + Level 3.0 Dodging
 + Level 3.7 Unarmed Combat
 * Level 4.4 Shapeshifting


You had 4 spell levels left.
You didn't know any spells.
Your spell library contained the following spells:

 Spells                   Type           Power      Damage    Failure   Level
 Magic Dart               Conj           0%         1d3       36%         1
 Call Imp                 Summ           0%         N/A       50%         2
 Mephitic Cloud           Conj/Pois/Air  0%         N/A       75%         3


Dungeon Overview and Level Annotations

Branches:
Dungeon (3/15)

Altars:

Annotations:
D:2 Robin


Innate Abilities, Weirdness & Mutations

You are a hulking beast.
Your limbs bulge with bestial killing power. (Slay +2)
You cannot wear most types of armour.
You are amphibious.
You can wear up to eight rings at the same time.
Your skin changes colour to match your surroundings (Stealth+).
Your rubbery body absorbs attacks. (AC +1, EV +1)
((You are camouflaged when in or above water. (Stealth+)))
You have tentacles for arms and can constrict up to eight enemies at once.


Message History

You are too injured to fight recklessly!
You are too injured to fight recklessly!
You are too injured to fight recklessly!
You are too injured to fight recklessly!
You are too injured to fight recklessly!
Unknown command.
The orc wizard gestures at you while chanting.
The magic dart hits you.
Items here: )) [ †.
You tentacle-slap the orc. You grab the orc.
The orc is moderately wounded.
You constrict the orc.
The orc hits you with a +1 dagger of draining.
* * * LOW HITPOINT WARNING * * *
You feel drained.
You tentacle-slap the orc.
The orc is heavily wounded.
You constrict the orc.
You kill the orc!
You closely miss the orc. You grab the orc.
You constrict the orc, but do no damage.
The orc closely misses you.
You tentacle-slap the orc.
The orc is severely wounded.
You constrict the orc. The orc hits you with a +0 hand axe.
* * * LOW HITPOINT WARNING * * *
You tentacle-slap the orc.
You kill the orc!
You closely miss the orc wizard. Your grab misses the orc wizard.
The orc wizard points at you and mumbles some strange words.
The puff of flame hits you.
* * * LOW HITPOINT WARNING * * *
You tentacle-slap the orc wizard. You grab the orc wizard.
The orc wizard is moderately wounded.
You constrict the orc wizard.
You tentacle-slap the orc wizard but do no damage.
The orc wizard is heavily wounded.
You constrict the orc wizard.
The orc wizard hits you with a +1 dagger of protection.
You die...

### ##.## ### ##
##...## #..
....#.[...### ## #.#
............# .# #.#
#o# .# #.# #h#
.###.#### #.#
........# ##'##
..##.##.# ##...##
..##.##.# ##)....##
..##.#..# ##.......##
..##....####.........#
...........+.........+
#.......####.........#


You could see an orc wizard.

Vanquished Creatures
  Natasha (thrice) (D:2)
  An iguana (D:3)
  An adder (D:2)
  A worm (D:3)
  A dart slug (D:2)
  4 orcs (D:3)
  3 ball pythons
  2 bats
  An endoplasm (D:1)
  2 giant cockroaches
  8 goblins (D:2)
  4 hobgoblins
  7 jackals
  A quokka (D:2)
  3 frilled lizards (D:1)
  5 kobolds
  5 rats
52 creatures vanquished.

Notes
Turn   | Place    | Note
-------+----------+-------------------------------------------
     0 | D:1      | LeprechaunX the Octopode Shapeshifter began the quest for
                  | the Orb.
     0 | D:1      | Reached XP level 1. HP: 13/13 MP: 1/1
   140 | D:1      | Reached XP level 2. HP: 18/18 MP: 2/2
   180 | D:1      | You fall into a shaft and drop 1 floor!
   195 | D:2      | Noticed Natasha
   202 | D:2      | Killed Natasha
   203 | D:2      | Reached XP level 3. HP: 23/23 MP: 3/3
   671 | D:1      | Found a faded altar of an unknown god.
   999 | D:2      | Reached XP level 4. HP: 28/29 MP: 4/4
  1160 | D:2      | Noticed Robin
  1357 | D:2      | Noticed Natasha
  1358 | D:2      | Reached skill level 4 in Shapeshifting
  1358 | D:2      | Upgraded the game from 0.31-a0-557-g6e16503903 to
                  | 0.31-a0-626-g8143ab4f1d
  1361 | D:2      | Killed Natasha
  1546 | D:2      | Noticed Natasha
  1558 | D:2      | Killed Natasha
  1559 | D:2      | Reached XP level 5. HP: 34/34 MP: 5/5
  2144 | D:3      | Slain by an orc wizard

Illustrated notes

Levels and vault maps discovered:
D:1:      dpeg_arrival_round_a, layout_basic,
          shapermc_ecumenical_altar_mp_vishouse
D:2:      layout_basic, nicolae_houndstooth_variations, uniq_natasha, uniq_robin
D:3:      layout_loops_corners, minmay_misc_feat_doors

Skill      XL: |  1  2  3  4  5 |
---------------+----------------+-----
Shapeshifting  | 4 |  4.4
Fighting       | 2 |  2.3
Dodging        | 3 |  3.0
Unarmed Combat | |  3.7

Action                     |  1- 3 |  4- 6 || total
---------------------------+-------+-------++-------
  Melee: Unarmed           |    42 |    63 ||   105
         Constrict         |    11 |    19 ||    30
         Tentacles         |     6 |     7 ||    13
         Punch             |       |     2 ||     2
   Stab: Sleeping          |     8 |     3 ||    11
  Dodge: Dodged            |    23 |    35 ||    58

Table legend: (Time is in decaauts)
 A = Elapsed time spent in this place.
 B = Non-inter-level travel time spent in this place.
 C = Inter-level travel time spent in this place.
 D = Time resting spent in this place.
 E = Time spent auto-exploring this place.
 F = Levels seen in this place.
 G = Mean time per level.
                   A        B        C        D        E       F      G
               +--------+--------+--------+--------+--------+-----+--------+
         Total |   2137 |   1965 |    172 |     68 |   1554 |   3 |  712.3 |
       Dungeon |   2137 |   1965 |    172 |     68 |   1554 |   3 |  712.3 |
               +--------+--------+--------+--------+--------+-----+--------+

Top non-repeatable levels by time:
     D:1: 832 daAuts
     D:2: 762 daAuts
     D:3: 541 daAuts
